[Event "ONJK-B 2019"]
[Site "Borne"]
[Date "2019.08.07"]
[Round "5.9"]
[White "Heskes, Johan"]
[Black "Borgelioen, Elise"]
[Result "1-0"]
[ECO "D06"]
[WhiteElo "1535"]
[BlackElo "1342"]
[Annotator "NA"]
[PlyCount "67"]
[EventDate "2019.08.05"]
[EventType "swiss"]
[EventCountry "NED"]
[SourceTitle "playchess.com"]
[Source "ChessBase"]
[SourceQuality "1"]
[TimeControl "5400+30"]

1. d4 d5 2. c4 Nf6 3. Nc3 Bf5 4. Bf4 e6 5. e3 Bd6 6. Bxd6 cxd6 7. cxd5 exd5 8. Bd3 Bg6 9. Bxg6 hxg6 10. Nf3 O-O 11. O-O Nc6 12. Qb3 Qc7 13. Nxd5 Qd7 14. Nxf6+ gxf6 15. Rac1 Rfe8 16. Rc2 Rac8 17. Rfc1 d5 18. g3 Kg7 19. Rc5 Ne7 20. Rxc8 Rxc8 21. Rxc8 Qxc8 22. Qc3 Qd7 23. Ne1 b6 24. Nd3 a5 25. b4 a4 26. a3 g5 27. Nb2 Nc8 28. Nxa4 b5 29. Nc5 Qd6 30. a4 bxa4 31. Nxa4 Na7 32. Qc5 Qd7 33. Nb6 Qd8 34. Nxd5 1-0

[Event "ONJK-B 2019"]
[Site "Borne"]
[Date "2019.08.07"]
[Round "5.10"]
[White "Michielsen, Lies"]
[Black "Schoonhoven, Mark"]
[Result "1/2-1/2"]
[ECO "C54"]
[WhiteElo "1489"]
[BlackElo "1275"]
[Annotator "NA"]
[PlyCount "73"]
[EventDate "2019.08.05"]
[EventType "swiss"]
[EventCountry "NED"]
[SourceTitle "playchess.com"]
[Source "ChessBase"]
[SourceQuality "1"]
[TimeControl "5400+30"]

1. e4 e5 2. Nf3 Nc6 3. Bc4 Bc5 4. c3 Nf6 5. d3 d6 6. Bb3 Bg4 7. h3 Be6 8. Bc2 d5 9. Qe2 dxe4 10. dxe4 Qd7 11. Nbd2 Nh5 12. Nxe5 Nxe5 13. Qxh5 Qd6 14. O-O O-O-O 15. Nf3 Ng6 16. b4 Bb6 17. a4 a6 18. Rd1 Qe7 19. Ba3 Nf4 20. Qe5 Ng6 21. Qh5 Nf4 22. Qe5 Ng6 23. Qg3 Rxd1+ 24. Rxd1 c6 25. Ne5 Nh4 26. Nf3 Ng6 27. Qd6 Qxd6 28. Rxd6 Nf4 29. Rd2 Bc4 30. Bd1 Re8 31. a5 Ba7 32. e5 Bb8 33. Kh1 Bxe5 34. Nxe5 Rxe5 35. Rd4 Re1+ 36. Kh2 Be6 37. Rd2 1/2-1/2

[Event "ONJK-B 2019"]
[Site "Borne"]
[Date "2019.08.07"]
[Round "5.11"]
[White "Klein, Lucas"]
[Black "Van Borren, Matthijs"]
[Result "1-0"]
[ECO "A19"]
[WhiteElo "1481"]
[BlackElo "1339"]
[Annotator "NA"]
[PlyCount "41"]
[EventDate "2019.08.05"]
[EventType "swiss"]
[EventCountry "NED"]
[SourceTitle "playchess.com"]
[Source "ChessBase"]
[SourceQuality "1"]
[TimeControl "5400+30"]

1. d4 c5 2. c4 cxd4 3. Qxd4 Nc6 4. Qd1 Nf6 5. Nc3 e6 6. e4 Bb4 7. Bd3 Ne5 8. f4 Nxd3+ 9. Qxd3 O-O 10. Nge2 a6 11. O-O d6 12. Kh1 Qc7 13. h3 Bd7 14. Be3 Rab8 15. Rac1 Rfd8 16. f5 Bc8 17. fxe6 Bxe6 18. Nd5 Qd7 19. Nxb4 Bxh3 20. Bb6 Bxg2+ 21. Kxg2 1-0

[Event "ONJK-B 2019"]
[Site "Borne"]
[Date "2019.08.07"]
[Round "5.12"]
[White "Winter, Ynse"]
[Black "Maas, Tristan"]
[Result "1-0"]
[ECO "D15"]
[WhiteElo "1021"]
[BlackElo "1467"]
[Annotator "NA"]
[PlyCount "32"]
[EventDate "2019.08.05"]
[EventType "swiss"]
[EventCountry "NED"]
[SourceTitle "playchess.com"]
[Source "ChessBase"]
[SourceQuality "1"]
[TimeControl "5400+30"]

1. d4 d5 2. c4 c6 3. Nc3 Nf6 4. Nf3 Bf5 5. Qb3 Qd7 6. Bf4 e6 7. e3 h6 8. Be2 Be7 9. O-O O-O 10. Rac1 Nh5 11. Bxb8 Raxb8 12. Ne5 Qc7 13. Bxh5 f6 14. Ng6 Bxg6 15. Bxg6 f5 16. cxd5 e5 1-0

[Event "ONJK-B 2019"]
[Site "Borne"]
[Date "2019.08.07"]
[Round "5.13"]
[White "Berghuis, Rowin"]
[Black "Tiggelman, Laura"]
[Result "0-1"]
[ECO "B70"]
[WhiteElo "1081"]
[BlackElo "1436"]
[Annotator "NA"]
[PlyCount "151"]
[EventDate "2019.08.05"]
[EventType "swiss"]
[EventCountry "NED"]
[SourceTitle "playchess.com"]
[Source "ChessBase"]
[SourceQuality "1"]
[TimeControl "5400+30"]

1. e4 c5 2. Bc4 d6 3. Nf3 Nf6 4. Nc3 g6 5. h3 Bg7 6. O-O Nc6 7. d4 cxd4 8. Nxd4 O-O 9. b3 Nxd4 10. Qxd4 Nxe4 11. Qxe4 Bxc3 12. Rb1 Bf5 13. Qe2 d5 14. Rd1 e6 15. Bd3 Bxd3 16. Qxd3 Rc8 17. Qe3 Qa5 18. Rd3 Bg7 19. a4 Rxc2 20. Ba3 Rfc8 21. Rc1 Rxc1+ 22. Bxc1 d4 23. Bd2 dxe3 24. Bxa5 Rc1+ 25. Kh2 e2 26. Re3 Bc3 27. Bxc3 Rxc3 28. Rxe2 Rxb3 29. g4 b5 30. Re4 a6 31. h4 Kf8 32. f4 Ke7 33. Rd4 b4 34. g5 a5 35. Rc4 Ra3 36. Rc7+ Kf8 37. Rb7 Rxa4 38. Kg3 Ra1 39. Kf3 Rh1 40. Ke4 Rxh4 41. Ke5 Kg7 42. Ra7 b3 43. Rxa5 b2 44. Rb5 Rh2 45. Kd6 h5 46. Kd7 h4 47. Rb7 Rf2 48. Ke8 Rxf4 49. Rxb2 Rg4 50. Rb5 h3 51. Rb7 Rf4 52. Rb3 Rh4 53. Rf3 Rh8+ 54. Ke7 Rf8 55. Rxh3 f6 56. Rf3 f5 57. Kd6 Kf7 58. Ke5 Rd8 59. Re3 Rd5+ 60. Kf4 Rd4+ 61. Ke5 Re4+ 62. Rxe4 fxe4 63. Kxe4 Ke8 64. Ke5 Ke7 65. Ke4 Kd6 66. Kd4 e5+ 67. Ke4 Ke6 68. Ke3 Kf5 69. Kf3 Kxg5 70. Ke4 Kg4 71. Ke3 Kg3 72. Ke4 g5 73. Kxe5 g4 74. Ke4 Kh3 75. Ke3 g3 76. Ke2 0-1

[Event "ONJK-B 2019"]
[Site "Borne"]
[Date "2019.08.07"]
[Round "5.14"]
[White "Olree, Alex"]
[Black "Li-Behn, Tobias"]
[Result "1-0"]
[ECO "E04"]
[WhiteElo "1411"]
[BlackElo "1237"]
[Annotator "NA"]
[PlyCount "93"]
[EventDate "2019.08.05"]
[EventType "swiss"]
[EventCountry "NED"]
[SourceTitle "playchess.com"]
[Source "ChessBase"]
[SourceQuality "1"]
[TimeControl "5400+30"]

1. d4 d5 2. c4 c6 3. Nf3 Nf6 4. g3 e6 5. Bg2 dxc4 6. Ne5 Bb4+ 7. Nc3 Nd5 8. Qc2 Nb6 9. Be3 N8d7 10. O-O O-O 11. Na4 Nd5 12. Bd2 Bxd2 13. Qxd2 N7b6 14. Nxb6 Nxb6 15. Qc3 Na4 16. Qb4 Nb6 17. Rfd1 a5 18. Qc5 Na4 19. Qa3 Nb6 20. Rac1 Qc7 21. Nxc4 Nxc4 22. Rxc4 Rd8 23. e4 Qb6 24. Qe7 Bd7 25. b3 g6 26. Rd3 Be8 27. h4 Rd7 28. Qf6 Qb5 29. Bf1 h5 30. Be2 a4 31. Rc5 Qb4 32. Bd1 Qe1+ 33. Kh2 Qxe4 34. Rd2 axb3 35. g4 Rd5 36. gxh5 Rf5 37. Rxf5 Qxf5 38. Qxf5 exf5 39. Bxb3 Kg7 40. Re2 Kh6 41. hxg6 fxg6 42. Re7 Rb8 43. Kg3 g5 44. Re6+ Kh5 45. hxg5 Kxg5 46. f4+ Kh5 47. Bd1# 1-0

[Event "ONJK-B 2019"]
[Site "Borne"]
[Date "2019.08.07"]
[Round "5.15"]
[White "Van Hille, Clara"]
[Black "Decruyenaere, Laura"]
[Result "1/2-1/2"]
[ECO "C47"]
[WhiteElo "1391"]
[BlackElo "1382"]
[Annotator "NA"]
[PlyCount "24"]
[EventDate "2019.08.05"]
[EventType "swiss"]
[EventCountry "NED"]
[SourceTitle "playchess.com"]
[Source "ChessBase"]
[SourceQuality "1"]
[TimeControl "5400+30"]

1. e4 e5 2. Nf3 Nc6 3. Nc3 Nf6 4. d4 exd4 5. Nxd4 Bb4 6. Nxc6 bxc6 7. Bd3 d5 8. exd5 cxd5 9. O-O O-O 10. Bg5 c6 11. Qf3 Be7 12. Bxf6 Bxf6 1/2-1/2

[Event "ONJK-B 2019"]
[Site "Borne"]
[Date "2019.08.07"]
[Round "5.16"]
[White "Lauwers, Timo"]
[Black "Kroon, Lindert"]
[Result "1-0"]
[ECO "D02"]
[WhiteElo "1364"]
[BlackElo "1076"]
[Annotator "NA"]
[PlyCount "85"]
[EventDate "2019.08.05"]
[EventType "swiss"]
[EventCountry "NED"]
[SourceTitle "playchess.com"]
[Source "ChessBase"]
[SourceQuality "1"]
[TimeControl "5400+30"]

1. d4 d5 2. Nf3 Nf6 3. Bf4 Bg4 4. Nbd2 e6 5. e3 Bb4 6. c3 Bd6 7. Bg5 h6 8. Bh4 O-O 9. Be2 Be7 10. Ne5 Bxe2 11. Qxe2 Ne4 12. Bxe7 Qxe7 13. Nxe4 dxe4 14. Qg4 Qg5 15. Qxe4 f6 16. Qxb7 Na6 17. Qxa6 fxe5 18. Qxe6+ Rf7 19. O-O Raf8 20. Qxe5 Qg6 21. e4 Rf4 22. Qd5+ Kh8 23. e5 R8f5 24. Rae1 Rg4 25. Re3 c6 26. Qd8+ Kh7 27. g3 Rh4 28. Qxh4 Rh5 29. Qe4 Rf5 30. g4 h5 31. Qxf5 hxg4 32. Qxg6+ Kxg6 33. Rg3 Kh7 34. Rxg4 c5 35. f4 cxd4 36. cxd4 a5 37. Rc1 a4 38. Rc7 a3 39. Rcxg7+ Kh8 40. Rg8+ Kh7 41. bxa3 Kh6 42. R8g5 Kh7 43. Rh4# 1-0

[Event "ONJK-B 2019"]
[Site "Borne"]
[Date "2019.08.08"]
[Round "6.1"]
[White "Baselmans, Daan"]
[Black "Maters, Arthur"]
[Result "1/2-1/2"]
[ECO "B00"]
[WhiteElo "1720"]
[BlackElo "2041"]
[Annotator "NA"]
[PlyCount "47"]
[EventDate "2019.08.05"]
[EventType "swiss"]
[EventCountry "NED"]
[SourceTitle "playchess.com"]
[Source "ChessBase"]
[SourceQuality "1"]
[TimeControl "5400+30"]

1. e4 b6 2. d4 Bb7 3. Nc3 e6 4. Bd3 Bb4 5. Nge2 c5 6. a3 Bxc3+ 7. Nxc3 cxd4 8. Nb5 d6 9. Nxd4 Nf6 10. f3 Nbd7 11. Bg5 a6 12. O-O Qc7 13. Kh1 d5 14. exd5 Nxd5 15. Re1 O-O 16. c3 Qc5 17. Nb3 Nxc3 18. Nxc5 Nxd1 19. Bxh7+ Kxh7 20. Nxd7 Nxb2 21. Nxf8+ Rxf8 22. Rab1 Nc4 23. Kg1 Bd5 24. Kf2 1/2-1/2

[Event "ONJK-B 2019"]
[Site "Borne"]
[Date "2019.08.08"]
[Round "6.2"]
[White "Arnold, Kiri"]
[Black "Mainka, Alwin"]
[Result "1/2-1/2"]
[ECO "B24"]
[WhiteElo "1555"]
[BlackElo "1989"]
[Annotator "NA"]
[PlyCount "68"]
[EventDate "2019.08.05"]
[EventType "swiss"]
[EventCountry "NED"]
[SourceTitle "playchess.com"]
[Source "ChessBase"]
[SourceQuality "1"]
[TimeControl "5400+30"]

1. e4 c5 2. Nc3 Nc6 3. g3 g6 4. Bg2 Bg7 5. d3 e6 6. f4 Nge7 7. Nf3 d5 8. O-O O-O 9. e5 a6 10. Kh1 b5 11. Rb1 Bb7 12. d4 cxd4 13. Nxd4 Nxd4 14. Qxd4 Rc8 15. Qf2 Qc7 16. Be3 Qc6 17. a3 Rfd8 18. Rfd1 Bf8 19. g4 Rd7 20. Bd4 a5 21. Bf1 Ba6 22. h4 b4 23. Bxa6 Qxa6 24. Na4 Rdc7 25. Nc5 Qb5 26. a4 Qe8 27. c3 Nc6 28. Na6 Rb7 29. Nc5 Bxc5 30. Bxc5 Rcb8 31. Bd6 bxc3 32. Bxb8 Qxb8 33. Qc2 Rb4 34. bxc3 Rb7 1/2-1/2

[Event "ONJK-B 2019"]
[Site "Borne"]
[Date "2019.08.08"]
[Round "6.3"]
[White "Albertus, Bram"]
[Black "Rogge, Parcival"]
[Result "0-1"]
[ECO "A25"]
[WhiteElo "1841"]
[BlackElo "1743"]
[Annotator "NA"]
[PlyCount "78"]
[EventDate "2019.08.05"]
[EventType "swiss"]
[EventCountry "NED"]
[SourceTitle "playchess.com"]
[Source "ChessBase"]
[SourceQuality "1"]
[TimeControl "5400+30"]

1. c4 Nf6 2. g3 e5 3. Bg2 Nc6 4. Nc3 Bc5 5. e3 O-O 6. Nge2 d6 7. O-O Bg4 8. h3 Bh5 9. g4 Bg6 10. d4 Bb6 11. f4 h6 12. a3 a6 13. b4 Re8 14. c5 Ba7 15. Bxc6 bxc6 16. f5 Bh7 17. Ng3 Nd5 18. Qb3 Qh4 19. Kg2 h5 20. Nxh5 exd4 21. Nxd5 cxd5 22. Qb2 dxc5 23. bxc5 Bxc5 24. exd4 Bd6 25. Bf4 Bxf5 26. Ng3 Be4+ 27. Nxe4 Rxe4 28. Bxd6 cxd6 29. Rf2 Re3 30. Rh1 Qg3+ 31. Kf1 Rae8 32. Qd2 Rxa3 33. Qb2 Rae3 34. Qd2 Rb3 35. Qc2 Reb8 36. Rd2 Rb1+ 37. Rd1 Qf3+ 38. Ke1 Re8+ 39. Kd2 Qe3# 0-1

[Event "ONJK-B 2019"]
[Site "Borne"]
[Date "2019.08.08"]
[Round "6.4"]
[White "Klaren, Oscar"]
[Black "Molanus, Lennart"]
[Result "1/2-1/2"]
[ECO "B70"]
[WhiteElo "1737"]
[BlackElo "1619"]
[Annotator "NA"]
[PlyCount "127"]
[EventDate "2019.08.05"]
[EventType "swiss"]
[EventCountry "NED"]
[SourceTitle "playchess.com"]
[Source "ChessBase"]
[SourceQuality "1"]
[TimeControl "5400+30"]

1. e4 c5 2. Nf3 d6 3. d4 cxd4 4. Nxd4 Nf6 5. Nc3 g6 6. Be2 Bg7 7. O-O O-O 8. Re1 Nc6 9. Nb3 Be6 10. Bf1 Rc8 11. Nd5 Ne5 12. f3 Nxd5 13. exd5 Bf5 14. Nd4 Qb6 15. Kh1 Nd3 16. Bxd3 Bxd3 17. Qxd3 Qxd4 18. Qxd4 Bxd4 19. c3 Bf6 20. Bh6 Rfe8 21. Re4 Rc5 22. Rd1 Rb5 23. Re2 Rc8 24. Be3 Rc4 25. a3 a5 26. g4 g5 27. Kg2 Rb3 28. Bc1 b5 29. h4 h6 30. hxg5 hxg5 31. Rdd2 b4 32. axb4 axb4 33. Rc2 bxc3 34. bxc3 Rcxc3 35. Rxc3 Rxc3 36. Bb2 Rd3 37. Bxf6 exf6 38. Re8+ Kg7 39. Rd8 Rxd5 40. Kf2 Kg6 41. Rg8+ Kh7 42. Rf8 Kg7 43. Rd8 f5 44. gxf5 Kf6 45. Rd7 Rxf5 46. Rxd6+ Ke5 47. Ra6 Rf4 48. Ra5+ Kf6 49. Kg3 Kg6 50. Ra6+ Kh5 51. Ra8 Rf6 52. Rh8+ Rh6 53. Rf8 Kg6 54. Ra8 f5 55. Rg8+ Kf6 56. Rf8+ Ke5 57. Rg8 Kf6 58. Rf8+ Kg6 59. Rg8+ Kh5 60. f4 gxf4+ 61. Kxf4 Rg6 62. Rh8+ Rh6 63. Rxh6+ Kxh6 64. Kxf5 1/2-1/2

[Event "ONJK-B 2019"]
[Site "Borne"]
[Date "2019.08.08"]
[Round "6.5"]
[White "Van Weerden, Jur"]
[Black "Hubers, Daan"]
[Result "0-1"]
[ECO "B00"]
[WhiteElo "1676"]
[BlackElo "1512"]
[Annotator "NA"]
[PlyCount "160"]
[EventDate "2019.08.05"]
[EventType "swiss"]
[EventCountry "NED"]
[SourceTitle "playchess.com"]
[Source "ChessBase"]
[SourceQuality "1"]
[TimeControl "5400+30"]

1. e4 b6 2. Nc3 Bb7 3. Nf3 e6 4. d3 c5 5. Bf4 a6 6. Be2 Ne7 7. Ne5 Nbc6 8. Nc4 Nc8 9. O-O b5 10. Ne3 Bd6 11. Bxd6 Nxd6 12. Bf3 Nd4 13. Nb1 Qf6 14. c3 Nxf3+ 15. Qxf3 Qxf3 16. gxf3 f5 17. Nd2 Kf7 18. Nb3 Rac8 19. exf5 Nxf5 20. Nd2 h5 21. Ne4 Ke7 22. Rfe1 Nh4 23. Ng5 Bxf3 24. Nf5+ Nxf5 25. Nxf3 Kf6 26. Rad1 g5 27. d4 g4 28. Ne5 d6 29. Nd7+ Ke7 30. Nb6 Rc6 31. Nd5+ Kf7 32. Nf4 cxd4 33. cxd4 d5 34. Nd3 Kf6 35. Nc5 Nh4 36. Re3 Rd8 37. Ra3 Ra8 38. Rdd3 b4 39. Ra5 Kf5 40. h3 Rac8 41. hxg4+ hxg4 42. Rd1 Nf3+ 43. Kf1 Ra8 44. Nd3 Rc2 45. b3 Rh8 46. Kg2 Rh2+ 47. Kg3 Rh3+ 48. Kg2 Rh2+ 49. Kg3 Rc8 50. Nf4 Rch8 51. Rxa6 Rh1 52. Rxh1 Rxh1 53. Ra8 Rg1+ 54. Ng2 Ne1 55. Rf8+ Kg6 56. Kf4 Rxg2 57. Ke5 Nd3+ 58. Kxe6 Rxf2 59. Rg8+ Kh5 60. Rh8+ Kg5 61. Rg8+ Kf4 62. Kxd5 g3 63. Kc4 Nb2+ 64. Kxb4 Rc2 65. d5 Nd3+ 66. Ka3 Rc5 67. b4 Rxd5 68. Kb3 Rg5 69. Rf8+ Ke3 70. Kc3 g2 71. Re8+ Ne5 72. b5 g1=Q 73. b6 Qc1+ 74. Kb4 Qb2+ 75. Kc5 Qd4+ 76. Kb5 Qd7+ 77. Ka6 Qxe8 78. b7 Qc6+ 79. Ka7 Rg7 80. a4 Qxb7# 0-1

[Event "ONJK-B 2019"]
[Site "Borne"]
[Date "2019.08.08"]
[Round "6.6"]
[White "De Putter, Nina"]
[Black "Winter, Ynse"]
[Result "1-0"]
[ECO "C04"]
[WhiteElo "1631"]
[BlackElo "1021"]
[Annotator "NA"]
[PlyCount "45"]
[EventDate "2019.08.05"]
[EventType "swiss"]
[EventCountry "NED"]
[SourceTitle "playchess.com"]
[Source "ChessBase"]
[SourceQuality "1"]
[TimeControl "5400+30"]

1. e4 e6 2. d4 d5 3. Nd2 Nf6 4. e5 Nfd7 5. Bd3 Nc6 6. c3 Be7 7. Ne2 Nb6 8. O-O O-O 9. f4 f6 10. Nf3 Bd7 11. Qe1 Be8 12. Kh1 Bh5 13. Qh4 Qe8 14. g4 f5 15. Qxh5 g6 16. Qh3 Nd8 17. gxf5 exf5 18. Rg1 Ne6 19. Bxf5 Ng7 20. Bd3 Nd7 21. f5 gxf5 22. Bxf5 h5 23. Bxd7 1-0

[Event "ONJK-B 2019"]
[Site "Borne"]
[Date "2019.08.08"]
[Round "6.7"]
[White "Ekker, Laurens"]
[Black "Klein, Lucas"]
[Result "1/2-1/2"]
[ECO "B22"]
[WhiteElo "1614"]
[BlackElo "1481"]
[Annotator "NA"]
[PlyCount "58"]
[EventDate "2019.08.05"]
[EventType "swiss"]
[EventCountry "NED"]
[SourceTitle "playchess.com"]
[Source "ChessBase"]
[SourceQuality "1"]
[TimeControl "5400+30"]

1. e4 c5 2. c3 d5 3. exd5 Qxd5 4. d4 e6 5. Nf3 Nf6 6. Be2 Nc6 7. O-O Be7 8. Be3 b6 9. Na3 O-O 10. Nb5 Qd7 11. Bf4 Nd5 12. Bg3 a6 13. Na3 Bd6 14. Bxd6 Qxd6 15. Nc4 Qe7 16. Nfe5 Nxe5 17. Nxe5 Qc7 18. Bf3 Bb7 19. Re1 Rfd8 20. dxc5 bxc5 21. Qc2 Nf4 22. b3 Bxf3 23. Nxf3 c4 24. Ne5 cxb3 25. axb3 Nd5 26. c4 Nb4 27. Qe2 h6 28. Rad1 a5 29. Nf3 Qb6 1/2-1/2

[Event "ONJK-B 2019"]
[Site "Borne"]
[Date "2019.08.08"]
[Round "6.8"]
[White "Hooijmans, Max"]
[Black "Nopper, Louis"]
[Result "0-1"]
[ECO "B07"]
[WhiteElo "1559"]
[BlackElo "1579"]
[Annotator "NA"]
[PlyCount "64"]
[EventDate "2019.08.05"]
[EventType "swiss"]
[EventCountry "NED"]
[SourceTitle "playchess.com"]
[Source "ChessBase"]
[SourceQuality "1"]
[TimeControl "5400+30"]

1. e4 d6 2. Nf3 Nf6 3. c3 c6 4. d3 g6 5. g3 Bg7 6. Bg2 O-O 7. O-O Qc7 8. Be3 e5 9. Nfd2 Ng4 10. h3 Nxe3 11. fxe3 Be6 12. c4 Qb6 13. Rf3 Bh6 14. Kf2 f5 15. Qb3 Nd7 16. Qxb6 axb6 17. exf5 gxf5 18. Nc3 d5 19. cxd5 cxd5 20. Ke2 d4 21. exd4 exd4 22. Nb5 Bd5 23. Rf2 Rae8+ 24. Kd1 Bxg2 25. Rxg2 Nc5 26. Kc2 Re3 27. Nc4 Rf3 28. b4 Nxd3 29. Nxd4 Nxb4+ 30. Kb2 Rd3 31. Ne6 Rc8 32. Nf4 Bg7+ 0-1

[Event "ONJK-B 2019"]
[Site "Borne"]
[Date "2019.08.08"]
[Round "6.9"]
[White "Tiggelman, Laura"]
[Black "Heskes, Johan"]
[Result "0-1"]
[ECO "C40"]
[WhiteElo "1436"]
[BlackElo "1535"]
[Annotator "NA"]
[PlyCount "98"]
[EventDate "2019.08.05"]
[EventType "swiss"]
[EventCountry "NED"]
[SourceTitle "playchess.com"]
[Source "ChessBase"]
[SourceQuality "1"]
[TimeControl "5400+30"]

1. e4 e5 2. Nf3 f5 3. exf5 e4 4. Ne5 Nf6 5. Be2 d6 6. Bh5+ Ke7 7. Nc4 Bxf5 8. Ne3 Be6 9. d3 exd3 10. cxd3 g6 11. Bf3 c6 12. Ng4 Kf7 13. O-O Nbd7 14. Re1 Bg7 15. Nh6+ Bxh6 16. Bxh6 Re8 17. Nc3 Ne5 18. d4 Nxf3+ 19. Qxf3 d5 20. h3 Kg8 21. Re2 Bf7 22. Rae1 Qd6 23. Bf4 Qf8 24. Bg5 Nd7 25. Qg4 Rxe2 26. Rxe2 Be8 27. h4 h6 28. Bf4 h5 29. Qg5 Qf6 30. Qxf6 Nxf6 31. Re7 Nd7 32. Nb1 b6 33. Nd2 c5 34. Nf3 cxd4 35. Nxd4 Nc5 36. b4 Nd3 37. Bd2 a5 38. Ne6 Bf7 39. Ng5 axb4 40. Nxf7 Rxa2 41. Nh6+ Kf8 42. Rb7 Rxd2 43. Rxb6 Kg7 44. Ng8 Kxg8 45. Rxg6+ Kf7 46. Rb6 Rxf2 47. Rxb4 Nxb4 48. Kxf2 d4 49. g3 Kf6 0-1

[Event "ONJK-B 2019"]
[Site "Borne"]
[Date "2019.08.08"]
[Round "6.10"]
[White "Michielsen, Lies"]
[Black "Olree, Alex"]
[Result "0-1"]
[ECO "B07"]
[WhiteElo "1489"]
[BlackElo "1411"]
[Annotator "NA"]
[PlyCount "70"]
[EventDate "2019.08.05"]
[EventType "swiss"]
[EventCountry "NED"]
[SourceTitle "playchess.com"]
[Source "ChessBase"]
[SourceQuality "1"]
[TimeControl "5400+30"]

1. e4 g6 2. d4 Bg7 3. Nc3 d6 4. g3 Nf6 5. Bg2 Nbd7 6. Nge2 c6 7. a4 e5 8. O-O h6 9. h3 O-O 10. Be3 Qe7 11. Qd2 Kh7 12. Rad1 Rd8 13. f4 exd4 14. Bxd4 Nb6 15. g4 Nc4 16. Qc1 d5 17. Bxf6 Bxf6 18. exd5 Ne3 19. Rfe1 Nxd1 20. Qxd1 Qc5+ 21. Kh1 cxd5 22. Rf1 b6 23. g5 Be7 24. Ng3 Be6 25. gxh6 f5 26. Qe2 Bf7 27. Qe5 Bf8 28. h4 Qe7 29. Qxe7 Bxe7 30. h5 Rac8 31. hxg6+ Kxg6 32. Re1 Bh4 33. Kh2 d4 34. Nb5 Rxc2 35. Nxd4 Rxd4 0-1

[Event "ONJK-B 2019"]
[Site "Borne"]
[Date "2019.08.08"]
[Round "6.11"]
[White "Neirynck, Arthur"]
[Black "Schoonhoven, Mark"]
[Result "1/2-1/2"]
[ECO "C33"]
[WhiteElo "1514"]
[BlackElo "1275"]
[Annotator "NA"]
[PlyCount "58"]
[EventDate "2019.08.05"]
[EventType "swiss"]
[EventCountry "NED"]
[SourceTitle "playchess.com"]
[Source "ChessBase"]
[SourceQuality "1"]
[TimeControl "5400+30"]

1. e4 e5 2. f4 exf4 3. Bc4 Qh4+ 4. Kf1 Nc6 5. Nf3 Qe7 6. Nc3 d6 7. d3 Bg4 8. Bxf4 O-O-O 9. h3 Bxf3 10. Qxf3 Nf6 11. g4 h6 12. Kg2 Nd4 13. Qf2 c5 14. Rhf1 g5 15. Bg3 Bg7 16. Rae1 Nc6 17. Nd1 h5 18. Ne3 hxg4 19. hxg4 Qd7 20. Qe2 Nd4 21. Qd1 Rh7 22. c3 Nc6 23. Bb3 Ne5 24. Bxe5 dxe5 25. Bc2 Rdh8 26. Rh1 Rh4 27. Rxh4 gxh4 28. Rh1 Ne8 29. Nf5 Bf6 1/2-1/2

[Event "ONJK-B 2019"]
[Site "Borne"]
[Date "2019.08.08"]
[Round "6.12"]
[White "Maas, Tristan"]
[Black "Li-Behn, Tobias"]
[Result "1/2-1/2"]
[ECO "C54"]
[WhiteElo "1467"]
[BlackElo "1237"]
[Annotator "NA"]
[PlyCount "44"]
[EventDate "2019.08.05"]
[EventType "swiss"]
[EventCountry "NED"]
[SourceTitle "playchess.com"]
[Source "ChessBase"]
[SourceQuality "1"]
[TimeControl "5400+30"]

1. e4 e5 2. Nf3 Nc6 3. Bc4 Bc5 4. c3 Nf6 5. d4 exd4 6. cxd4 Bb4+ 7. Bd2 d5 8. exd5 Nxd5 9. O-O O-O 10. Nc3 Nb6 11. Bg5 Be7 12. Bxe7 Nxe7 13. Bb3 Bg4 14. Qd3 Bf5 15. Qe3 Bg6 16. Rfe1 Nf5 17. Qf4 Qd7 18. Ne5 Qxd4 19. Nxg6 hxg6 20. Qxc7 Qd7 21. Qf4 Qc6 22. Rad1 Rac8 1/2-1/2

[Event "ONJK-B 2019"]
[Site "Borne"]
[Date "2019.08.08"]
[Round "6.13"]
[White "Van Hille, Clara"]
[Black "Wiggers, Yannick"]
[Result "1-0"]
[ECO "B23"]
[WhiteElo "1391"]
[BlackElo "1331"]
[Annotator "NA"]
[PlyCount "47"]
[EventDate "2019.08.05"]
[EventType "swiss"]
[EventCountry "NED"]
[SourceTitle "playchess.com"]
[Source "ChessBase"]
[SourceQuality "1"]
[TimeControl "5400+30"]

1. e4 c5 2. Nc3 e6 3. f4 a6 4. Nf3 b5 5. d3 Bb7 6. g3 Qc7 7. Bg2 d6 8. O-O Nd7 9. Qe1 Ngf6 10. h3 Be7 11. g4 Nb6 12. Bd2 d5 13. e5 Nfd7 14. Qg3 O-O-O 15. Rae1 Nb8 16. f5 d4 17. Ne4 h6 18. Bf4 Nd5 19. Bd2 Nd7 20. fxe6 fxe6 21. Nd6+ Bxd6 22. exd6 Qb6 23. Rxe6 Nf8 24. d7+ 1-0

[Event "ONJK-B 2019"]
[Site "Borne"]
[Date "2019.08.08"]
[Round "6.14"]
[White "Van Borren, Matthijs"]
[Black "Visser, Barto"]
[Result "1-0"]
[ECO "B34"]
[WhiteElo "1339"]
[BlackElo "1342"]
[Annotator "NA"]
[PlyCount "87"]
[EventDate "2019.08.05"]
[EventType "swiss"]
[EventCountry "NED"]
[SourceTitle "playchess.com"]
[Source "ChessBase"]
[SourceQuality "1"]
[TimeControl "5400+30"]

1. e4 c5 2. Nf3 Nc6 3. d4 cxd4 4. Nxd4 g6 5. Be3 Bg7 6. Nc3 Nf6 7. Qd2 Ng4 8. Nxc6 bxc6 9. Bf4 O-O 10. f3 Ne5 11. O-O-O d6 12. Be2 Rb8 13. h4 Qb6 14. b3 Qa5 15. Kb2 Ba6 16. Bxa6 Qxa6 17. Kb1 Qa3 18. Bxe5 Bxe5 19. h5 Rb6 20. hxg6 fxg6 21. Qh6 Rf7 22. Rd3 Ra6 23. Qh3 Bxc3 24. Rxc3 Qxa2+ 25. Kc1 Qa3+ 26. Kd2 Qb4 27. Qc8+ Kg7 28. Qxa6 Qd4+ 29. Qd3 Qf2+ 30. Kd1 Qxg2 31. Qf1 Qg3 32. Qh3 Qe5 33. Qxh7+ Kf6 34. Qh8+ Rg7 35. Qh4+ g5 36. Qg4 c5 37. Rh6+ Rg6 38. Rxg6+ Kxg6 39. Qf5+ Qxf5 40. exf5+ Kxf5 41. Rc4 e5 42. Ke2 a6 43. Kd3 a5 44. c3 1-0

[Event "ONJK-B 2019"]
[Site "Borne"]
[Date "2019.08.08"]
[Round "6.15"]
[White "Warnaar, Mark"]
[Black "Lauwers, Timo"]
[Result "0-1"]
[ECO "B77"]
[WhiteElo "1175"]
[BlackElo "1364"]
[Annotator "NA"]
[PlyCount "58"]
[EventDate "2019.08.05"]
[EventType "swiss"]
[EventCountry "NED"]
[SourceTitle "playchess.com"]
[Source "ChessBase"]
[SourceQuality "1"]
[TimeControl "5400+30"]

1. e4 c5 2. Nf3 Nc6 3. d4 cxd4 4. Nxd4 d6 5. Nc3 g6 6. Be3 Bg7 7. Bc4 Nf6 8. f3 O-O 9. Qd2 Nd7 10. O-O-O Nce5 11. Bb3 Nb6 12. Qe2 Bd7 13. g4 Qc7 14. h4 Nec4 15. h5 a5 16. hxg6 fxg6 17. Qh2 Kf7 18. Bh6 Bxh6+ 19. Qxh6 Rh8 20. Qg5 Qc5 21. Qf4+ Ke8 22. Qg3 e5 23. Nde2 Qe3+ 24. Kb1 Nd2+ 25. Ka1 Ke7 26. Rh3 Raf8 27. f4 Qxg3 28. Nxg3 Nxb3+ 29. axb3 Bxg4 0-1

[Event "ONJK-B 2019"]
[Site "Borne"]
[Date "2019.08.08"]
[Round "6.16"]
[White "Borgelioen, Elise"]
[Black "Berghuis, Rowin"]
[Result "1-0"]
[ECO "C50"]
[WhiteElo "1342"]
[BlackElo "1081"]
[Annotator "NA"]
[PlyCount "65"]
[EventDate "2019.08.05"]
[EventType "swiss"]
[EventCountry "NED"]
[SourceTitle "playchess.com"]
[Source "ChessBase"]
[SourceQuality "1"]
[TimeControl "5400+30"]

1. e4 e5 2. Nf3 Nc6 3. Nc3 Bc5 4. Bc4 d6 5. h3 Nf6 6. d3 h6 7. O-O O-O 8. Be3 b6 9. Nd5 Bb7 10. c3 Na5 11. Nxf6+ Qxf6 12. Bb3 Bxe3 13. fxe3 Rad8 14. Nd2 Qg5 15. Qe2 Bc8 16. Rf3 Qg6 17. Raf1 Bb7 18. Bxf7+ Rxf7 19. Rxf7 Qxf7 20. Rxf7 Kxf7 21. d4 c6 22. Qh5+ Kg8 23. Qf5 Ba6 24. b3 c5 25. Nf3 Nc6 26. dxe5 dxe5 27. Qe6+ Kh8 28. Qxc6 Rd1+ 29. Kh2 Ra1 30. Nxe5 Rxa2 31. c4 Rb2 32. Qa8+ Kh7 33. Qxa7 1-0